 Dungeon Crawl Stone Soup version 0.26-a0-21-gf97e55dc39 (webtiles) character file.

Game seed: 14614010009998494984, levelgen mode: deterministic

15895 Delarado the Spear-Bearer (level 12, -1/88 HPs)
             Began as a Formicid Fighter on May 26, 2020.
             Was a High Priest of Hepliaklqana.
             Succumbed to a spiny frog's poison
             ... on level 3 of the Lair of Beasts.
             The game lasted 00:40:30 (14528 turns).

Delarado the Spear-Bearer (Formicid Fighter)       Turns: 14528, Time: 00:40:31

Health: -1/88      AC: 17    Str: 23    XL:     12   Next: 63%
Magic:  16/16      EV:  5    Int: 11    God:    Hepliaklqana [*****.]
Gold:   526        SH:  9    Dex: 10    Spells: 11/11 levels left

rFire    . . .     SeeInvis +   a - +1 trident
rCold    + . .     Gourm    .   c - +0 kite shield
rNeg     . . .     Faith    .   n - +0 plate armour
rPois    .         Spirit   .   (helmet unavailable)
rElec    .         Reflect  .   t - +0 cloak
rCorr    .         Harm     .   B - +0 pair of gloves
MR       +....                  (no boots)
Stlth    ..........             h - amulet of regeneration
HPRegen  0.64/turn              (no ring)
MPRegen  0.15/turn              k - ring of protection from cold

@: lethally poisoned (-1 -> -6), studying Fire Magic, lightly drained
A: permanent stasis, dig shafts and tunnels, four strong arms, reduced essence,
antennae 3
a: Dig, Shaft Self, Recall Ancestor, Ancestor Identity, Transference, Idealise,
Renounce Religion


You were on level 3 of the Lair of Beasts.
You worshipped Hepliaklqana.
Hepliaklqana was extremely pleased with you.
You were not hungry.

You visited 3 branches of the dungeon, and saw 14 of its levels.

You collected 526 gold pieces.

Inventory:

Hand Weapons
 a - a +1 trident (weapon)
Missiles
 o - 6 javelins
 v - 55 poisoned darts (quivered)
 w - 2 boomerangs
Armour
 c - a +0 kite shield (worn)
 n - a +0 plate armour (worn)
 t - a +0 cloak (worn)
 B - a +0 pair of gloves (worn)
Jewellery
 e - an uncursed ring of flight
 h - an amulet of regeneration (around neck)
 k - a ring of protection from cold (right hand)
 H - an uncursed amulet of reflection {unknown}
Wands
 g - a wand of random effects (20)
 r - a wand of iceblast (11)
 u - a wand of polymorph (7)
 C - a wand of paralysis (17)
 F - a wand of flame (25)
 J - a wand of acid (27)
Scrolls
 m - 2 scrolls of holy word
 p - 4 scrolls of fear
 s - 5 scrolls of enchant weapon
 x - 6 scrolls of remove curse
 y - 6 scrolls of amnesia
 D - 3 scrolls of enchant armour
 I - 2 scrolls of magic mapping
Potions
 b - a potion of invisibility {unknown}
 d - a potion of might
 i - 4 potions of mutation
 j - 4 potions of resistance
 l - 2 potions of flight
 q - a potion of ambrosia
 z - 2 potions of brilliance
 A - 2 potions of berserk rage {unknown}
 G - 2 potions of stabbing
Books
 E - a manual of Fire Magic
Comestibles
 f - 18 rations


   Skills:
 - Level 10.5(10.1) Fighting
 - Level 14.0(13.5) Polearms
 - Level 10.0(9.7) Armour
 - Level 3.6(3.3) Shields
 + Level 6.3(5.9) Invocations


You had 11 spell levels left.
You didn't know any spells.
Your spell library contained the following spells:

 Spells                   Type           Power        Failure   Level  Hunger
 Sandblast                Erth           #.....       100%        1    ##.....
 Passwall                 Tmut/Erth      #.......     100%        2    ###....
 Ignite Poison            Fire/Tmut/Pois #.......     100%        3    ####...
 Stone Arrow              Conj/Erth      #.....       100%        3    ####...
 Petrify                  Tmut/Erth      #.......     100%        4    #####..
 Fireball                 Conj/Fire      #.........   100%        5    ######.
 Lee's Rapid Deconstruct  Erth           #.........   100%        5    ######.
 Starburst                Conj/Fire      #.........   100%        6    #######
 Ring of Flames           Chrm/Fire      #.........   100%        7    #######
 Ignition                 Fire           #.........   100%        8    #######


Dungeon Overview and Level Annotations

Branches:
Dungeon (10/15)            Temple (1/1) D:7            Lair (3/6) D:10
 Spider (0/4) Lair:3
  Swamp: Lair:2-4    Shoals: Lair:2-4       Orc: D:9-12

Altars:
Ashenzari
Cheibriados
Dithmenos
Elyvilon
Fedhas
Gozag
Hepliaklqana
Kikubaaqudgha
Makhleb
Nemelex Xobeh
Okawaru
Qazlal
Ru
Sif Muna
Trog
Uskayaw
Vehumet
Wu Jian
Xom
Yredelemnul
Zin
The Shining One


Innate Abilities, Weirdness & Mutations

You cannot be hasted, slowed, berserked, paralysed or teleported.
You can dig through walls and to a lower floor.
Your four strong arms can wield two-handed weapons with a shield.
You have a pair of large antennae on your head. (SInv)
Your life essence is reduced to manifest your ancestor. (-10% HP)


Message History

You are too injured to fight recklessly!
You are too injured to fight recklessly!
Unknown command.
You hit the spiny frog.
The spiny frog is severely wounded.
You feel sick. The spiny frog stings you!
Takurtum hits the spiny frog with a +0 flail.
You hit the spiny frog.
You kill the spiny frog!
Your base Invocations skill increases to level 6!
You feel sick. The spiny frog stings you!
* * * LOW HITPOINT WARNING * * *
You feel sick.
Takurtum hits the spiny frog with a +0 flail!
You feel sick.
You feel sick.
Takurtum hits the spiny frog with a +0 flail!
The spiny frog stings you!
* * * LOW HITPOINT WARNING * * *
You die...

#..#.##.#...........≈≈≈≈≈≈
#^......##.......#.
##.......##.P....[#
#..#.≈............#
#.≈≈≈≈≈..#...>...#...
#.≈..^≈..##..........
#..+.>.'.##.+......... ≈ ##
#.#.####.......#...≈≈
#.#########@.###+###....≈
.........F...............
.#.##†.R..#..P...#......
......?..#...............
#.##......................≈≈
##......................≈
#.......................≈
##.......................
#....P..................


You could see the friendly Takurtum the knight and a spiny frog.

Vanquished Creatures
  Nergalle (Lair:3)
  An unseen horror (D:10)
  2 spiny frogs (Lair:3)
  2 komodo dragons (Lair:1)
  3 trolls
  4 blink frogs (Lair:3)
  3 hippogriffs
  A spriggan (D:7)
  3 basilisks
  21 yaks
  Eustachio (D:4)
  A steam dragon (D:9)
  Edmund (D:5)
  Duvessa (D:4)
  6 water moccasins
  4 porcupines
  A phantom (D:4)
  A black bear (D:9)
  An ice beast (D:8)
  A sky beast (D:5)
  A necrophage (D:6)
  2 orc warriors
  5 ogres
  3 centaurs
  A crocodile (Lair:3)
  3 big kobolds
  3 bullfrogs
  Blork the orc (D:4)
  Dowan (D:4)
  5 scorpions
  4 wights
  11 killer bees
  3 electric eels (Lair:3)
  A howler monkey (D:10)
  A crimson imp (D:4)
  A quasit (D:8)
  2 bullfrog zombies
  4 hounds
  A centaur zombie (D:8)
  A centaur skeleton (D:5)
  6 orc priests
  3 jellies
  Crazy Yiuf (D:3)
  Terence (D:2)
  2 bullfrog skeletons
  3 iguanas
  Natasha (thrice) (D:2)
  3 orc wizards
  4 worker ants
  A killer bee zombie (D:7)
  Robin (D:4)
  A howler monkey skeleton (D:10)
  11 adders
  2 shadow imps
  An ooze (D:1)
  3 adder skeletons
  3 worms
  5 leopard geckos
  27 orcs
  3 bats
  9 giant cockroaches
  22 goblins
  6 hobgoblins
  12 jackals
  7 kobolds
  4 quokkas
  4 ball pythons
  6 frilled lizards
  2 giant cockroach zombies
  A jackal skeleton (D:4)
  A leopard gecko skeleton (D:5)
  A leopard gecko zombie (D:5)
  A quokka skeleton (D:4)
  4 rats
277 creatures vanquished.

Vanquished Creatures (collateral kills)
  An orb spider (Lair:3)
  A komodo dragon (D:10)
  3 yaks
  2 porcupines
  3 sky beasts
  An ogre (D:8)
  A crocodile (Lair:3)
  4 bullfrogs
  3 wights
  3 killer bees
  A crimson imp (D:10)
  2 hounds (D:10)
  An orc wizard (D:9)
  2 centaur skeletons (D:10)
  2 worker ants
  An adder skeleton (D:8)
  A leopard gecko (D:9)
  6 orcs
  A giant cockroach (D:7)
  3 kobolds (D:8)
  A plant (D:10)
43 creatures vanquished.

Vanquished Creatures (others)
  8 ancestors
  A knight (D:10)
  2 plants (D:10)
11 creatures vanquished.

Grand Total: 331 creatures vanquished

Notes
Turn   | Place    | Note
-------+----------+-------------------------------------------
     0 | D:1      | Delarado the Formicid Fighter began the quest for the Orb.
     0 | D:1      | Reached XP level 1. HP: 18/18 MP: 1/1
   137 | D:1      | Reached XP level 2. HP: 24/24 MP: 2/2
   192 | D:1      | Reached skill level 3 in Polearms
   211 | D:1      | Reached XP level 3. HP: 20/29 MP: 3/3
   967 | D:2      | Noticed Terence
   984 | D:2      | Killed Terence
   984 | D:2      | Reached skill level 4 in Polearms
   984 | D:2      | Reached XP level 4. HP: 19/35 MP: 4/4
  1336 | D:2      | Noticed Natasha
  1348 | D:2      | Killed Natasha
  1451 | D:2      | Reached XP level 5. HP: 41/41 MP: 5/5
  1618 | D:2      | Reached skill level 5 in Polearms
  1676 | D:2      | Noticed Natasha
  1688 | D:2      | Killed Natasha
  2020 | D:2      | Noticed Natasha
  2038 | D:2      | Killed Natasha
  2202 | D:2      | Reached XP level 6. HP: 32/47 MP: 6/6
  2371 | D:2      | Reached skill level 6 in Polearms
  2877 | D:3      | Found a runed translucent door.
  2878 | D:3      | Noticed Crazy Yiuf
  3685 | D:3      | Killed Crazy Yiuf
  3952 | D:4      | Reached XP level 7. HP: 50/52 MP: 7/7
  3982 | D:4      | Reached skill level 7 in Polearms
  4081 | D:4      | Noticed Robin
  4122 | D:4      | Killed Robin
  4203 | D:4      | Noticed Blork the orc
  4216 | D:4      | Killed Blork the orc
  4285 | D:4      | Noticed Eustachio
  4289 | D:4      | Reached skill level 8 in Polearms
  4328 | D:4      | Killed Eustachio
  4328 | D:4      | Reached XP level 8. HP: 37/58 MP: 8/8
  4618 | D:4      | Reached skill level 9 in Polearms
  4683 | D:4      | Noticed Dowan
  4696 | D:4      | Noticed Duvessa
  4724 | D:4      | Killed Duvessa
  4743 | D:4      | Killed Dowan
  5072 | D:5      | Entered Level 5 of the Dungeon
  5138 | D:4      | Reached skill level 10 in Polearms
  5304 | D:5      | Reached XP level 9. HP: 62/64 MP: 9/9
  5364 | D:5      | Noticed Edmund
  5385 | D:5      | Killed Edmund
  6161 | D:6      | Reached skill level 11 in Polearms
  6360 | D:7      | Reached skill level 5 in Fighting
  6360 | D:7      | Reached skill level 5 in Armour
  6386 | D:7      | Found a staircase to the Ecumenical Temple.
  6423 | Temple   | Entered the Ecumenical Temple
  6750 | Temple   | Became a worshipper of Hepliaklqana the Forgotten
  6862 | D:7      | Noticed a hippogriff
  6874 | D:7      | Killed a hippogriff
  6906 | D:7      | You fall into a shaft and drop 1 floor!
  6981 | D:8      | Reached XP level 10. HP: 67/68 MP: 10/10
  8192 | D:7      | Reached * piety under Hepliaklqana
  8247 | D:7      | Reached skill level 12 in Polearms
  8297 | D:7      | Found a blossoming altar of Fedhas.
  8443 | D:8      | HP: 3/72 [yak (7)]
  8586 | D:9      | Reached XP level 11. HP: 60/77 MP: 11/11
  8637 | D:9      | Noticed a rakshasa
  9104 | D:9      | Found a shattered altar of Ashenzari.
  9661 | D:9      | Noticed a manticore
  9672 | D:9      | Noticed a death knight
 10037 | D:9      | Reached ** piety under Hepliaklqana
 10038 | D:9      | Remembered your ancestor Takurtum as a knight
 10565 | D:9      | Found an opulent altar of Gozag.
 10635 | D:10     | Entered Level 10 of the Dungeon
 10809 | D:10     | Reached skill level 13 in Polearms
 11116 | D:10     | Noticed an unseen horror
 11130 | D:10     | Killed an unseen horror
 11439 | D:10     | Reached *** piety under Hepliaklqana
 11547 | D:10     | Reached skill level 10 in Armour
 11776 | D:10     | Found a staircase to the Lair.
 11780 | D:10     | Reached skill level 10 in Fighting
 11819 | D:10     | Reached XP level 12. HP: 58/87 MP: 12/12
 12076 | Lair:1   | Entered Level 1 of the Lair of Beasts
 12877 | Lair:2   | Reached **** piety under Hepliaklqana
 12951 | Lair:2   | Reached skill level 1 in Invocations
 14217 | Lair:3   | Noticed Nergalle
 14239 | Lair:3   | Killed Nergalle
 14239 | Lair:3   | Reached skill level 14 in Polearms
 14239 | Lair:3   | Reached skill level 5 in Invocations
 14317 | Lair:3   | Found a hole to the Spider Nest.
 14464 | Lair:3   | Reached ***** piety under Hepliaklqana
 14527 | Lair:3   | HP: 1/88 [spiny frog (11)]
 14528 | Lair:3   | Succumbed to a spiny frog's poison

Illustrated notes

Levels and vault maps discovered:
D:1:      scummos_arrival_simple_fountains, layout_loops_cross,
          serial_bayou_pond_b
D:2:      layout_loops_corners, first_ration, uniq_natasha, uniq_terence
D:3:      layout_basic, serial_glass, glass_columns_b, glass_columns_b,
          glass_columns_b, glass_columns_b, glass_columns_a, glass_columns_b,
          glass_columns_c, glass_columns_a, skrybe_limestone_x,
          kennysheep_potato, uniq_crazy_yiuf_cottage
D:4:      layout_basic, uniq_robin, uniq_duvessa, uniq_eustachio,
          uniq_blork_the_orc
D:5:      layout_rooms, minmay_manual_moon, uniq_edmund
D:6:      layout_loops_ring
D:7:      layout_rooms, minmay_temple_entry_statues_pillars, the_bakery,
          fedhas_altar_2
D:8:      layout_basic
D:9:      layout_layer_cave, lemuel_coloured_pillars_altar, basic_altar,
          minivault_12
D:10:     layout_grid_maze, david_lair_shrubbed, minmay_increasing_density
Temple:   compressed_dpeg_triangle_lava_temple
Lair:1:   layout_misc_corridors, serial_bayou_shore_b
Lair:2:   layout_cave_pods
Lair:3:   pond_and_an_island_with_a_cottage, layout_chaotic_city,
          nicolae_spider_entry_orb_guardian, serial_bayou_shore_a, uniq_nergalle

Skill      XL: |  1  2  3  4  5  6  7  8  9 10 11 12 |
---------------+-------------------------------------+-----
Polearms       | 3 4 5 6 8 10 11 12 13 14 | 14.0
Fighting       | 5 8 10 | 10.5
Armour         | 5 8 10 | 10.0
Invocations    | 6 |  6.3
Shields        | |  3.6

Action                   |  1- 3 |  4- 6 |  7- 9 | 10-12 || total
-------------------------+-------+-------+-------+-------++-------
Melee: Trident           |    94 |   323 |   466 |   928 ||  1811
Throw: Stone             |       |     5 |       |       ||     5
       Dart              |       |     1 |     9 |    12 ||    22
Invok: Recall Ancestor   |       |       |     1 |       ||     1
       Ancestor Life: Kn |       |       |       |     1 ||     1
       Ancestor Identity |       |       |       |     1 ||     1
 Abil: Dig               |       |     2 |     3 |     2 ||     7
  Use: Scroll            |       |     7 |     6 |     6 ||    19
       Potion            |       |       |       |     1 ||     1
 Stab: Distracted        |       |       |     2 |     5 ||     7
  Eat: Chunk             |       |     9 |     9 |    21 ||    39
       Ration            |       |       |     1 |     1 ||     2
Armor: Scale mail        |    17 |       |       |       ||    17
       Plate armour      |    19 |   165 |   193 |   311 ||   688
Dodge: Dodged            |    11 |    39 |    54 |    86 ||   190
Block: Kite shield       |    30 |   156 |   154 |   278 ||   618

Table legend:
 A = Non-vault XP
 B = Vault XP
 C = Vault XP percentage of total XP
 D = Non-vault monster count
 E = Vault monster count
 F = Vault count percentage of total count
                 A         B        C        D         E       F
            +---------+---------+-------+---------+---------+-------
      Total |   19568 |    3140 |  13.8 |     284 |      35 |  11.0
            +---------+---------+-------+---------+---------+-------
        D:1 |      26 |      13 |  33.3 |      16 |       4 |  20.0
        D:2 |     230 |      73 |  24.1 |      23 |       2 |   8.0
        D:3 |     105 |      41 |  28.1 |      34 |       2 |   5.6
        D:4 |     628 |     704 |  52.9 |      19 |      16 |  45.7
        D:5 |     694 |     176 |  20.2 |      18 |       3 |  14.3
        D:6 |     296 |       0 |   0.0 |       9 |       0 |   0.0
        D:7 |    1993 |     205 |   9.3 |      22 |       1 |   4.3
        D:8 |    2836 |       0 |   0.0 |      39 |       0 |   0.0
        D:9 |    4427 |       0 |   0.0 |      42 |       0 |   0.0
       D:10 |    2545 |     495 |  16.3 |      29 |       5 |  14.7
     Lair:1 |    1807 |       0 |   0.0 |      10 |       0 |   0.0
     Lair:2 |    1108 |       0 |   0.0 |       8 |       0 |   0.0
     Lair:3 |    2873 |    1433 |  33.3 |      15 |       2 |  11.8
            +---------+---------+-------+---------+---------+-------
